 Dungeon Crawl Stone Soup version 0.17.1-3-g152610e (webtiles) character file.

26985 Goblin1989 the Cruncher (level 13, -2/92 HPs)
             Began as a Gargoyle Gladiator on Apr 28, 2016.
             Was a High Priest of Okawaru.
             Killed from afar by a fire drake (27 damage)
             ... with a blast of flame
             ... on level 4 of the Lair of Beasts on Apr 29, 2016.
             The game lasted 00:52:40 (17290 turns).

Goblin1989 the Cruncher (Gargoyle Gladiator)       Turns: 17290, Time: 00:52:40

Health: -2/92      AC: 28    Str: 18    XL:     13   Next: 29%
Magic:  17/18      EV:  7    Int: 11    God:    Okawaru [*****.]
Gold:   966        SH:  0    Dex: 14    Spells: 2 memorised, 6 levels left

rFire  . . .     SeeInvis .     a - +0 lajatang
rCold  + . .     Clarity  .     y - +0 plate armour
rNeg   + . .     SustAt   .     (shield currently unavailable)
rPois  ∞         Gourm    .     c - +0 helmet
rElec  +         Spirit   .     R - +0 cloak {MR+}
rCorr  .         Warding  .     w - +0 pair of gloves
rMut   .         Stasis   .     P - +0 pair of boots {Fly}
MR     +....                    S - amulet of regeneration
Stlth  ..........               (no ring)
                                h - ring of protection from cold

@: flying, somewhat resistant to hostile enchantments, extremely unstealthy
A: negative energy resistance 1, robust 1, electricity resistance, unbreathing,
evolution 1, petrification resistance, rot immunity, AC +9
a: Heroism, Finesse, Renounce Religion, Stop Flying


You were on level 4 of the Lair of Beasts.
You worshipped Okawaru.
Okawaru was extremely pleased with you.
You were not hungry.

You visited 2 branches of the dungeon, and saw 15 of its levels.
You also visited: Labyrinth and Volcano.

You collected 966 gold pieces.

Inventory:

Hand Weapons
 a - a +0 lajatang (weapon)
 b - a +1 hand crossbow of freezing
Missiles
 j - 11 bolts of frost
 p - 42 bolts
 O - 21 bolts of flame
Armour
 c - a +0 helmet (worn)
 w - a +0 pair of gloves (worn)
 y - a +0 plate armour (worn)
 P - a +0 pair of boots of flying (worn)
 R - a +0 cloak of magic resistance (worn)
Rods
 f - a +5 rod of the swarm (9/9)
   (You took it off a minotaur in a labyrinth)
Jewellery
 h - a ring of protection from cold (left hand)
 v - an uncursed ring of ice
 I - an uncursed ring of fire
 S - an amulet of regeneration (around neck)
 U - an uncursed amulet of resist mutation
Wands
 o - a wand of digging (13)
 r - a wand of cold (1)
 t - a wand of fireball (6)
 z - a wand of digging (8)
 B - a wand of disintegration (17)
 H - a wand of disintegration (6)
 N - a wand of teleportation (4)
 W - a wand of paralysis (11)
Scrolls
 d - a scroll of teleportation
 i - 3 scrolls of immolation
 k - 8 scrolls of remove curse
 m - 3 scrolls of fog {unknown}
 n - a scroll of recharging {unknown}
 q - a scroll of summoning {unknown}
 u - 4 scrolls of random uselessness {unknown}
 A - 2 scrolls of identify
 J - 2 scrolls of noise {unknown}
 Q - 3 scrolls of amnesia {unknown}
Potions
 g - a potion of resistance {unknown}
 l - 2 potions of curing
 s - 2 potions of magic
 x - a potion of haste
 C - a potion of agility {unknown}
 G - 3 potions of cancellation
 K - a potion of cure mutation
 M - a potion of brilliance {unknown}
Comestibles
 e - 13 bread rations
 D - 12 fruits
 E - a beef jerky
 F - a chunk of flesh
 L - 3 meat rations


   Skills:
 + Level 11.0 Fighting
 - Level 14.0 Staves
 - Level 10.5 Crossbows
 - Level 1.7 Throwing
 + Level 7.8 Armour
 - Level 2.4 Dodging
 + Level 6.7 Invocations


You had 6 spell levels left.
You knew the following spells:

 Your Spells              Type           Power        Failure   Level  Hunger
a - Swiftness             Chrm/Air       #.......     100%        2    ###....
b - Passage of Golubria   Tloc           N/A          100%        4    #####..


Dungeon Overview and Level Annotations

Branches:
Dungeon (11/15)            Temple (0/1) D:7            Lair (4/8) D:9
    Orc (0/4) D:10
  Swamp: Lair:3-6    Shoals: Lair:3-6     Snake: Lair:3-6    Spider: Lair:3-6

Altars:
Fedhas
Gozag
Nemelex Xobeh
Okawaru
Yredelemnul
Zin

Annotations:
D:4 Pavgran's ghost, amateur DrTm
D:7 exclusion: ice statue


Innate Abilities, Weirdness & Mutations

You are resistant to torment.
Your stone body is resilient (AC +9).
You are immune to poison.
You resist negative energy.
You are resistant to electric shocks.
You can survive without breathing.
You are immune to petrification.
You are immune to rotting.
You are robust (+10% HP).
You evolve.


Message History

Okawaru accepts your kill.
Your Fighting skill increases to level 11!
The fire drake barely misses you. The fire drake breathes flames at you.
The blast of flame hits you!
You completely miss the fire drake. The fire drake breathes flames at you.
The blast of flame hits you!
The blast of flame hits the fire drake.
The fire drake resists.
The fire drake bites the fungus.
The fire drake breathes flames at you. The blast of flame hits you!
* * * LOW HITPOINT WARNING * * *
You are too injured to fight recklessly!
You take 68 damage, and have 24/92 hp.
MASSIVE DAMAGE!!
The fire drake bites you but does no damage.
The fire drake breathes flames at you. The blast of flame misses you.
The fire drake breathes flames at you. The blast of flame hits you!
You die...

........................
).......††............#.
...P..............#..##.
........###.##P####...##
........# ##.### #......
........# ### #......
........# #.......
........# #.........
.......@#####.PPP.##.##P
.......#.#P.P.PP.( ## #.
........kkk..(.$.P ##
..........kP..)... #.
...........P.P).P) #.
.................. ##
....P..#..#.P....$. #
...#P.#......P...(.. ##
...P.........(...... #P


You could see 4 fire drakes.

Vanquished Creatures
  A minotaur (Lab)
  The ghost of HEYYEYAAE the Nimble, a journeyman SpFi of Nemelex Xobeh (Lair:2)
  3 hydras
  A sun demon (Volcano)
  Pikel (D:3)
  3 hill giants
  2 black mambas
  Psyche (D:11)
  A gargoyle (Volcano)
  A molten gargoyle (Volcano)
  6 spiny frogs
  A centaur skeleton (D:8)
  2 red devils (Volcano)
  2 komodo dragons
  A fire drake (Lair:4)
  A troll (D:11)
  A two-headed ogre (D:10)
  7 blink frogs (Lair:2)
  Sigmund (D:5)
  19 yaks
  8 hippogriffs
  A wyvern (D:11)
  A spriggan (D:8)
  2 deep elf magi
  A tarantella (shapeshifter) (D:11)
  A basilisk (Lair:2)
  A fire bat (Volcano)
  A mottled dragon (D:11)
  14 wolves
  A deep elf fighter (D:9)
  3 porcupines
  2 sky beasts (D:9)
  A slave (D:3)
  7 orc warriors
  2 black bears
  3 water moccasins
  A hell hound (Volcano)
  An ice beast (D:10)
  4 centaurs
  6 ogres
  10 crocodiles
  An eye of draining (D:9)
  2 big kobolds
  9 giant frogs
  7 scorpions
  A water moccasin skeleton (D:6)
  6 wights
  3 killer bees (D:9)
  2 electric eels (Lair:3)
  A gnoll shaman (D:7)
  9 orc priests
  6 lava snakes (Volcano)
  10 crimson imps
  A centaur zombie (D:6)
  A giant frog skeleton (D:10)
  8 hounds
  7 orc wizards
  Crazy Yiuf (D:4)
  11 iguanas
  2 jellies (D:9)
  9 worker ants
  A killer bee zombie (D:10)
  5 sheep (Lair:1)
  A hound skeleton (D:4)
  2 hound zombies
  11 adders
  6 gnolls
  49 river rats
  2 shadow imps (D:5)
  4 oozes
  An adder zombie (D:6)
  4 worms
  4 giant geckos
  60 orcs
  20 bats
  7 giant cockroaches
  7 goblins
  3 hobgoblins
  12 jackals
  17 kobolds
  5 quokkas
  5 ball pythons
  A giant gecko skeleton (D:4)
  9 giant newts
  A quokka skeleton (D:6)
  2 quokka zombies
  11 rats
474 creatures vanquished.

Vanquished Creatures (others)
  A slave (D:4)
  An orc wizard (D:9)
  2 orcs (D:3)
  3 fungi (D:9)
7 creatures vanquished.

Grand Total: 481 creatures vanquished

Notes
Turn   | Place    | Note
--------------------------------------------------------------
     0 | D:1      | Goblin1989 the Gargoyle Gladiator began the quest for the Orb.
     0 | D:1      | Reached XP level 1. HP: 12/12 MP: 1/1
   116 | D:1      | Reached XP level 2. HP: 17/17 MP: 2/2
   421 | D:1      | Reached skill level 4 in Staves
   505 | D:1      | Reached XP level 3. HP: 18/21 MP: 3/3
  1143 | D:2      | Reached XP level 4. HP: 26/26 MP: 4/4
  1271 | D:2      | Reached skill level 5 in Staves
  1603 | D:3      | Reached XP level 5. HP: 21/30 MP: 5/5
  1946 | D:2      | Reached skill level 6 in Staves
  2372 | D:3      | Found an iron altar of Okawaru.
  2380 | D:3      | Became a worshipper of Warmaster Okawaru
  2578 | D:4      | Noticed a slave
  2579 | D:4      | Noticed a slave
  2579 | D:4      | Noticed Pikel
  2580 | D:4      | Noticed a slave
  2580 | D:4      | Noticed a slave
  2629 | D:3      | Killed a slave
  2708 | D:3      | Killed Pikel
  2708 | D:3      | Reached * piety under Okawaru
  2708 | D:3      | Reached ** piety under Okawaru
  2708 | D:3      | Reached skill level 8 in Staves
  2708 | D:3      | Reached XP level 6. HP: 23/35 MP: 6/6
  2708 | D:3      | Reached XP level 7. HP: 26/40 MP: 7/7
  2960 | D:4      | Killed a freed slave
  2980 | D:4      | Noticed Crazy Yiuf
  2993 | D:4      | Killed Crazy Yiuf
  3281 | D:4      | Noticed Pavgran's ghost (amateur DrTm)
  3302 | D:5      | Entered Level 5 of the Dungeon
  3358 | D:5      | Reached skill level 1 in Crossbows
  3358 | D:5      | Reached XP level 8. HP: 42/44 MP: 8/8
  3474 | D:5      | Reached *** piety under Okawaru
  3732 | D:5      | Found an opulent altar of Gozag.
  3757 | D:5      | Noticed Sigmund
  3771 | D:5      | Killed Sigmund
  3771 | D:5      | Reached skill level 9 in Staves
  4897 | D:6      | Reached skill level 10 in Staves
  5193 | D:7      | Reached **** piety under Okawaru
  5193 | D:7      | Reached XP level 9. HP: 41/48 MP: 9/9
  5590 | D:7      | Noticed an ice statue
  5836 | D:7      | Found a sparkling altar of Nemelex Xobeh.
  5944 | D:7      | Found a staircase to the Ecumenical Temple.
  6388 | D:8      | Learned a level 2 spell: Swiftness
  6393 | D:8      | Learned a level 4 spell: Passage of Golubria
  6733 | D:8      | Reached skill level 11 in Staves
  6741 | D:8      | Found an iron altar of Okawaru.
  6748 | D:8      | Noticed a centaur skeleton
  6763 | D:8      | Killed a centaur skeleton
  6763 | D:8      | Reached ***** piety under Okawaru
  6763 | D:8      | Reached skill level 5 in Crossbows
  6798 | D:8      | Found a glowing silver altar of Zin.
  7097 | D:8      | Reached skill level 5 in Fighting
  7097 | D:8      | Reached XP level 10. HP: 56/59 MP: 10/10
  7133 | D:8      | Found a basalt altar of Yredelemnul.
  7133 | D:8      | Found a blossoming altar of Fedhas.
  7540 | D:9      | Received a gift from Okawaru
  7914 | D:9      | Found a staircase to the Lair.
  7974 | D:9      | Noticed a hill giant
  7984 | D:9      | Killed a hill giant
  7984 | D:9      | Reached skill level 12 in Staves
  8836 | D:9      | Gained mutation: You evolve. [potion of beneficial mutation]
  9243 | D:9      | Reached XP level 11. HP: 55/67 MP: 11/11
  9369 | D:10     | Entered Level 10 of the Dungeon
  9384 | D:10     | Reached skill level 13 in Staves
  9796 | D:10     | Found a staircase to the Orcish Mines.
  9854 | D:10     | Noticed a hill giant
  9886 | D:10     | Killed a hill giant
 10369 | D:10     | Received a gift from Okawaru
 10938 | D:11     | Noticed a hill giant
 10953 | D:11     | Killed a hill giant
 11275 | D:11     | Gained mutation: You are robust (+10% HP). [evolution]
 11486 | D:11     | Noticed Psyche
 11502 | D:11     | Killed Psyche
 12284 | Lair:1   | Entered Level 1 of the Lair of Beasts
 12303 | Lair:1   | Reached skill level 14 in Staves
 12331 | Lair:1   | Found a labyrinth entrance.
 12377 | Lab      | Entered a labyrinth
 12462 | Lab      | Noticed a minotaur
 12489 | Lab      | Killed a minotaur
 12489 | Lab      | Reached skill level 1 in Invocations
 12506 | Lab      | Identified a +5 rod of the swarm (2/9) (You took it off a minotaur in a labyrinth)
 13069 | Lair:1   | Reached XP level 12. HP: 75/82 MP: 13/13
 13320 | Lair:1   | Noticed a seven-headed hydra
 13328 | Lair:1   | Killed a seven-headed hydra
 13503 | Lair:1   | Received a gift from Okawaru
 14080 | Lair:2   | Reached skill level 5 in Armour
 14191 | Lair:2   | Noticed HEYYEYAAE's ghost (journeyman SpFi)
 14267 | Lair:2   | Killed HEYYEYAAE's ghost
 14267 | Lair:2   | Received a gift from Okawaru
 14354 | Lair:2   | Reached skill level 10 in Crossbows
 14491 | Lair:2   | Noticed a six-headed hydra
 14504 | Lair:2   | Killed a six-headed hydra
 14746 | Lair:2   | Received a gift from Okawaru
 15552 | Lair:3   | Reached skill level 10 in Fighting
 15580 | Lair:3   | Noticed a four-headed hydra
 15585 | Lair:3   | Reached skill level 5 in Invocations
 15661 | Lair:3   | Reached XP level 13. HP: 49/90 MP: 10/17
 15669 | Lair:3   | Killed a four-headed hydra
 16177 | Lair:3   | Found a dark tunnel.
 16184 | Volcano  | Entered a volcano
 16494 | Volcano  | Found a burning altar of Makhleb.
 17290 | Lair:4   | Killed from afar by a fire drake

Action                   |  1- 3 |  4- 6 |  7- 9 | 10-12 | 13-15 || total
-------------------------+-------+-------+-------+-------+-------++-------
Melee: Quarterstaff      |    99 |   205 |   484 |  1587 |   145 ||  2520
       Whip              |       |       |    21 |       |       ||    21
       Lajatang          |       |       |       |       |   102 ||   102
 Fire: Hand crossbow     |       |       |       |    12 |       ||    12
Throw: Throwing net      |       |     5 |       |       |       ||     5
       Tomahawk          |       |     4 |       |       |       ||     4
Invok: Heroism           |       |       |     1 |     9 |     1 ||    11
       Finesse           |       |       |       |     3 |     1 ||     4
Evoke: Wand              |       |     3 |     1 |     1 |       ||     5
  Use: Potion            |       |       |     2 |     8 |       ||    10
       Scroll            |       |       |       |    17 |       ||    17
 Stab: Held in net/web   |       |     1 |       |       |       ||     1
  Eat: Chunk             |       |     4 |     6 |    22 |     4 ||    36
       Meat ration       |       |       |     2 |     1 |       ||     3
       Pizza             |       |       |       |     2 |       ||     2
       Bread ration      |       |       |       |       |     1 ||     1
